NYP
HILLSBORO HOPS @ LOS ANGELES (NYP) DODGERS
09/11/2044
 
TOP OF THE 1ST
Hillsboro Hops batting - Pitching for Los Angeles (NYP) Dodgers : RHP Willie Alvarado
Pitching: RHP Willie Alvarado
Batting: RHB Yasuo Nakata 0-0: Foul Ball, location: 2F
0-1: Ball
1-1: Foul Ball, location: 2F
1-2: Fly out, F8 (Flyball, 8RD, EV 101.2 MPH)
Batting: RHB Edgar Garcia 0-0: Ball
1-0: Ball
2-0: Ball
3-0: Called Strike
3-1: Base on Balls
Batting: LHB Soo-yeon Kym 0-0: Ball
1-0: Foul Ball, location: 2F
1-1: Ball
2-1: Ball
3-1: Fielders Choice at 2nd, 3-6 (Groundball, 23, EV 86.9 MPH)
Batting: RHB Larry Hardman 0-0: Ball
1-0: Ball
2-0: Ball
3-0: Called Strike
3-1: Foul Ball, location: 2F
3-2: Fly out, F9 (Flyball, 89S, EV 83.8 MPH)
Top of the 1st over - 0 runs, 0 hits, 0 errors, 1 left on base; Hillsboro 0 - Los Angeles (NYP) 0
BOTTOM OF THE 1ST
Los Angeles (NYP) Dodgers batting - Pitching for Hillsboro Hops : RHP Ted Koene
Pitching: RHP Ted Koene
Batting: RHB Mario Mejia 0-0: Ball
1-0: Ball
2-0: Ball
3-0: Called Strike
3-1: Base on Balls
Batting: RHB Leo Cuellar 0-0: Called Strike
Mario Mejia steals 2nd base
0-1: Ball
1-1: SINGLE (Line Drive, 4D, EV 101.2 MPH)
Mario Mejia to third
Batting: LHB Kippy McGrath 0-0: Ball
1-0: Foul Ball, location: 2F
1-1: Ball
2-1: Ball
3-1: Base on Balls
Leo Cuellar to second
Batting: SHB Chris Ackerson 0-0: Called Strike
0-1: Ball
1-1: Foul Ball, location: 2F
1-2: Grounds into double play, 4-6-3 (Groundball, 4, EV 86.9 MPH)
Mario Mejia scores
Leo Cuellar to third
Batting: RHB Eddie Perry 0-0: Ball
Passed Ball!
Leo Cuellar scores
1-0: Called Strike
1-1: Foul Ball, location: 2F
1-2: Fly out, F6 (Flyball, 6D, EV 85.0 MPH)
Bottom of the 1st over - 2 runs, 1 hit, 0 errors, 0 left on base; Hillsboro 0 - Los Angeles (NYP) 2
TOP OF THE 2ND
Hillsboro Hops batting - Pitching for Los Angeles (NYP) Dodgers : RHP Willie Alvarado
Batting: RHB Jeremy Coffey 0-0: Called Strike
0-1: Ball
1-1: Swinging Strike
1-2: Ball
2-2: Reaches on Catchers interference
Batting: RHB Chris Bittner 0-0: Ball
1-0: Ball
2-0: Ball
Wild Pitch!
Jeremy Coffey to second
3-0: Called Strike
3-1: Foul Ball, location: 2F
3-2: Foul Ball, location: 2F
3-2: Strikes out looking
Batting: RHB Brandon Joshua 0-0: Ball
1-0: Called Strike
1-1: Called Strike
1-2: Strikes out swinging
Batting: RHB Jeremy Adams 0-0: Foul Ball, location: 2F
0-1: Ground out 6-3 (Groundball, 6, EV 95.0 MPH)
Top of the 2nd over - 0 runs, 0 hits, 1 error, 1 left on base; Hillsboro 0 - Los Angeles (NYP) 2
BOTTOM OF THE 2ND
Los Angeles (NYP) Dodgers batting - Pitching for Hillsboro Hops : RHP Ted Koene
Batting: LHB Bobby Gambrell 0-0: Ground out 6-3 (Groundball, 6, EV 105.0 MPH)
Batting: LHB Fernando Amaya 0-0: Ground out 4-3 (Groundball, 4D, EV 94.4 MPH)
Batting: RHB Jonathan Quijada 0-0: Foul Ball, location: 2F
0-1: Ball
1-1: Ground out 6-3 (Groundball, 6, EV 92.5 MPH)
Bottom of the 2nd over - 0 runs, 0 hits, 0 errors, 0 left on base; Hillsboro 0 - Los Angeles (NYP) 2
TOP OF THE 3RD
Hillsboro Hops batting - Pitching for Los Angeles (NYP) Dodgers : RHP Willie Alvarado
Batting: RHB Trevor Corey 0-0: Called Strike
0-1: Fly out, F8 (Flyball, 8LXD, EV 88.8 MPH)
Batting: RHB Yasuo Nakata 0-0: Called Strike
0-1: Ball
1-1: Called Strike
1-2: Strikes out looking
Batting: RHB Edgar Garcia 0-0: Swinging Strike
0-1: Swinging Strike
0-2: Ball
1-2: Foul Ball, location: 2F
1-2: Ground out 6-3 (Groundball, 6M, EV 77.5 MPH)
Top of the 3rd over - 0 runs, 0 hits, 0 errors, 0 left on base; Hillsboro 0 - Los Angeles (NYP) 2
BOTTOM OF THE 3RD
Los Angeles (NYP) Dodgers batting - Pitching for Hillsboro Hops : RHP Ted Koene
Batting: RHB Pat Mage 0-0: Ball
1-0: Ball
2-0: Called Strike
2-1: Ball
3-1: TRIPLE (Flyball, 78XD, EV 101.9 MPH)
Batting: RHB Mario Mejia 0-0: Ball
1-0: Ball
2-0: Called Strike
2-1: Foul Ball, location: 2F
2-2: Fly out, F7 (Flyball, 7LS, EV 78.1 MPH)
Batting: RHB Leo Cuellar 0-0: Ball
1-0: Foul Ball, location: 2F
1-1: Foul Ball, location: 2F
1-2: Ball
2-2: Ball
3-2: Strikes out swinging
Batting: LHB Kippy McGrath 0-0: Foul Ball, location: 2F
0-1: Ball
Wild Pitch!
Pat Mage scores
1-1: SINGLE (Flyball, 7LS, EV 91.9 MPH)
Batting: SHB Chris Ackerson 0-0: Ball
Pickoff Throw to First - Out! 1-3
Bottom of the 3rd over - 1 run, 2 hits, 0 errors, 0 left on base; Hillsboro 0 - Los Angeles (NYP) 3
TOP OF THE 4TH
Hillsboro Hops batting - Pitching for Los Angeles (NYP) Dodgers : RHP Willie Alvarado
Batting: LHB Soo-yeon Kym 0-0: Ball
1-0: Called Strike
1-1: Ball
2-1: Swinging Strike
2-2: Ball
3-2: Foul Ball, location: 2F
3-2: Strikes out looking
Batting: RHB Larry Hardman 0-0: Called Strike
0-1: Ball
1-1: Ball
2-1: Foul Ball, location: 2F
2-2: Ball
3-2: SINGLE (Groundball, 4D, EV 95.0 MPH)
Batting: RHB Jeremy Coffey 0-0: Ball
Larry Hardman steals 2nd base
1-0: Ball
2-0: TRIPLE (Flyball, 89XD, EV 99.4 MPH)
Larry Hardman scores
Batting: RHB Chris Bittner 0-0: Ball
1-0: Foul Ball, location: 2F
1-1: Ground out 5-3 (Groundball, 5, EV 91.9 MPH)
Batting: RHB Brandon Joshua 0-0: Ball
Passed Ball!
Jeremy Coffey scores
1-0: Foul Ball, location: 2F
1-1: Ball
2-1: Foul Ball, location: 2F
2-2: Strikes out swinging
Top of the 4th over - 2 runs, 2 hits, 0 errors, 0 left on base; Hillsboro 2 - Los Angeles (NYP) 3
BOTTOM OF THE 4TH
Los Angeles (NYP) Dodgers batting - Pitching for Hillsboro Hops : RHP Ted Koene
Batting: SHB Chris Ackerson 0-0: Ball
1-0: Called Strike
1-1: Ball
2-1: Ground out 6-3 (Groundball, 6M, EV 91.2 MPH)
Batting: RHB Eddie Perry 0-0: Foul Ball, location: 2F
0-1: Foul Ball, location: 2F
0-2: Foul Ball, location: 2F
0-2: Ball
1-2: Ball
2-2: Strikes out looking
Batting: LHB Bobby Gambrell 0-0: Ball
1-0: Ball
2-0: Ball
3-0: Base on Balls
Batting: LHB Fernando Amaya 0-0: Called Strike
Bobby Gambrell is caught stealing 2nd base 2-6
Bottom of the 4th over - 0 runs, 0 hits, 0 errors, 0 left on base; Hillsboro 2 - Los Angeles (NYP) 3
TOP OF THE 5TH
Hillsboro Hops batting - Pitching for Los Angeles (NYP) Dodgers : RHP Willie Alvarado
Batting: RHB Jeremy Adams 0-0: Fly out, F7 (Flyball, 8LM, EV 88.8 MPH)
Batting: RHB Trevor Corey 0-0: Called Strike
0-1: Ball
1-1: Called Strike
1-2: Strikes out swinging
Batting: RHB Yasuo Nakata 0-0: Ball
1-0: Foul Ball, location: 2F
1-1: SINGLE (Flyball, 89S, EV 83.8 MPH)
Pitching: RHP Cody Bryant
Batting: RHB Edgar Garcia 0-0: Ground out 5-3 (Groundball, 56S, EV 78.8 MPH)
Top of the 5th over - 0 runs, 1 hit, 0 errors, 1 left on base; Hillsboro 2 - Los Angeles (NYP) 3
BOTTOM OF THE 5TH
Los Angeles (NYP) Dodgers batting - Pitching for Hillsboro Hops : RHP Ted Koene
Batting: LHB Fernando Amaya 0-0: Ball
1-0: Called Strike
1-1: Swinging Strike
1-2: Ground out 6-3 (Groundball, 6, EV 102.5 MPH)
Batting: RHB Jonathan Quijada 0-0: Ball
1-0: Called Strike
1-1: Ground out 6-3 (Groundball, 6M, EV 89.4 MPH)
Batting: RHB Pat Mage 0-0: Ball
1-0: Called Strike
1-1: Ball
2-1: Ground out 6-3 (Groundball, 6, EV 85.0 MPH)
Bottom of the 5th over - 0 runs, 0 hits, 0 errors, 0 left on base; Hillsboro 2 - Los Angeles (NYP) 3
TOP OF THE 6TH
Hillsboro Hops batting - Pitching for Los Angeles (NYP) Dodgers : RHP Cody Bryant
Batting: LHB Soo-yeon Kym 0-0: Called Strike
0-1: Ball
1-1: Foul Ball, location: 2F
1-2: Strikes out looking
Batting: RHB Larry Hardman 0-0: Called Strike
0-1: Ground out 6-3 (Groundball, 4MD, EV 105.6 MPH)
Batting: RHB Jeremy Coffey 0-0: Ball
1-0: Called Strike
1-1: Foul Ball, location: 2F
1-2: Strikes out looking
Top of the 6th over - 0 runs, 0 hits, 0 errors, 0 left on base; Hillsboro 2 - Los Angeles (NYP) 3
BOTTOM OF THE 6TH
Los Angeles (NYP) Dodgers batting - Pitching for Hillsboro Hops : RHP Ted Koene
Batting: RHB Mario Mejia 0-0: Called Strike
0-1: Swinging Strike
0-2: Strikes out looking
Batting: RHB Leo Cuellar 0-0: Called Strike
0-1: SINGLE (Groundball, 56D, EV 103.8 MPH)
Batting: LHB Kippy McGrath 0-0: Ball
1-0: Called Strike
1-1: SINGLE (Groundball, 6MD, EV 103.1 MPH)
Leo Cuellar to second
Runner from 2nd tries for 3rd, SAFE, throw by CF made to third
Kippy McGrath to second
Batting: SHB Chris Ackerson 0-0: Ball
1-0: Foul Ball, location: 2F
1-1: Ball
2-1: Ball
3-1: Called Strike
3-2: Ground out U3 (Groundball, 34, EV 76.9 MPH)
Batting: RHB Eddie Perry 0-0: Called Strike
0-1: Foul Ball, location: 2F
0-2: Foul Ball, location: 2F
0-2: Ball
1-2: 3-RUN HOME RUN (Flyball, 78XD, EV 113.8 MPH), Distance : 437 ft
Pitching: RHP Guillermo Gonzalez
Batting: LHB Bobby Gambrell 0-0: Called Strike
0-1: Foul Ball, location: 2F
0-2: Strikes out looking
Bottom of the 6th over - 3 runs, 3 hits, 0 errors, 0 left on base; Hillsboro 2 - Los Angeles (NYP) 6
TOP OF THE 7TH
Hillsboro Hops batting - Pitching for Los Angeles (NYP) Dodgers : RHP Cody Bryant
Batting: RHB Chris Bittner 0-0: Ball
1-0: Swinging Strike
1-1: Ball
2-1: Called Strike
2-2: Foul Ball, location: 2F
2-2: Foul Ball, location: 2F
2-2: Strikes out looking
Batting: RHB Brandon Joshua 0-0: Foul Ball, location: 2F
0-1: Foul Ball, location: 2F
0-2: Foul Ball, location: 2F
0-2: Ball
1-2: Foul Ball, location: 2F
1-2: Foul Ball, location: 2F
1-2: Ground out 5-3 (Groundball, 56, EV 105.6 MPH)
Batting: RHB Jeremy Adams 0-0: Called Strike
0-1: Called Strike
0-2: Ground out 5-3 (Groundball, 5, EV 89.4 MPH)
Top of the 7th over - 0 runs, 0 hits, 0 errors, 0 left on base; Hillsboro 2 - Los Angeles (NYP) 6
BOTTOM OF THE 7TH
Los Angeles (NYP) Dodgers batting - Pitching for Hillsboro Hops : RHP Guillermo Gonzalez
Batting: LHB Fernando Amaya 0-0: Foul Ball, location: 2F
0-1: Ground out 4-3 (Groundball, 13, EV 91.2 MPH)
Batting: RHB Jonathan Quijada 0-0: Ball
1-0: Ground out 5-3 (Groundball, 56, EV 103.1 MPH)
Batting: RHB Pat Mage 0-0: Called Strike
0-1: Ball
1-1: Ball
2-1: Called Strike
2-2: Foul Ball, location: 2F
2-2: Ball
3-2: Foul Ball, location: 2F
3-2: Base on Balls
Batting: RHB Mario Mejia 0-0: Called Strike
Pat Mage steals 2nd base
0-1: Ball
1-1: Intentional Walk
Batting: RHB Leo Cuellar 0-0: Foul Ball, location: 2F
0-1: Called Strike
0-2: Ball
1-2: Ball
2-2: Foul Ball, location: 2F
2-2: Strikes out looking
Bottom of the 7th over - 0 runs, 0 hits, 0 errors, 2 left on base; Hillsboro 2 - Los Angeles (NYP) 6
TOP OF THE 8TH
Hillsboro Hops batting - Pitching for Los Angeles (NYP) Dodgers : RHP Cody Bryant
Pitching: RHP Craig Fallon
Batting: RHB Trevor Corey 0-0: Ball
1-0: Foul Ball, location: 2F
1-1: Foul Ball, location: 2F
1-2: Ball
2-2: Ball
3-2: Base on Balls
Batting: RHB Yasuo Nakata 0-0: Called Strike
0-1: SINGLE (Groundball, 34S, EV 73.1 MPH) (infield hit)
Trevor Corey to second
Batting: RHB Edgar Garcia 0-0: SINGLE (Line Drive, 7, EV 91.9 MPH)
Trevor Corey to third
Yasuo Nakata to second
Batting: LHB Soo-yeon Kym 0-0: Foul Ball, location: 2F
0-1: Foul Ball, location: 2F
0-2: Ball
1-2: Foul Ball, location: 2F
1-2: Strikes out swinging
Batting: RHB Larry Hardman 0-0: Called Strike
0-1: Ball
Wild Pitch!
Trevor Corey scores
Yasuo Nakata to third
Edgar Garcia to second
1-1: Ground out 4-3 (Groundball, 4, EV 91.2 MPH)
Yasuo Nakata scores
Edgar Garcia to third
Batting: RHB Jeremy Coffey 0-0: Swinging Strike
0-1: Ball
1-1: Ball
2-1: Foul Ball, location: 2F
2-2: Ball
Wild Pitch!
Edgar Garcia scores
3-2: Base on Balls
Pitching: LHP Melvin Fonseca
Batting: RHB Chris Bittner 0-0: Called Strike
0-1: Ball
1-1: Ball
Wild Pitch!
Jeremy Coffey to second
2-1: DOUBLE (Flyball, 78XD, EV 108.1 MPH)
Jeremy Coffey scores
Batting: RHB Brandon Joshua 0-0: Called Strike
0-1: Ball
1-1: Foul Ball, location: 2F
1-2: Ball
Passed Ball!
Chris Bittner to third
2-2: Ball
3-2: Ground out U3 (Groundball, 3L, EV 102.5 MPH)
Top of the 8th over - 4 runs, 3 hits, 0 errors, 1 left on base; Hillsboro 6 - Los Angeles (NYP) 6
BOTTOM OF THE 8TH
Los Angeles (NYP) Dodgers batting - Pitching for Hillsboro Hops : RHP Guillermo Gonzalez
Pitching: LHP Jonathan O'Donnell
Batting: LHB Kippy McGrath 0-0: Ball
1-0: Foul Ball, location: 2F
1-1: Called Strike
1-2: Foul Ball, location: 2F
1-2: Foul Ball, location: 2F
1-2: Strikes out looking
Pitching: RHP Manuel Maldonado
Batting: SHB Chris Ackerson 0-0: Called Strike
0-1: Ball
1-1: Ground out U3 (Groundball, 34S, EV 80.0 MPH)
Batting: RHB Eddie Perry 0-0: Swinging Strike
0-1: Foul Ball, location: 2F
0-2: Ball
1-2: Ball
2-2: Strikes out looking
Bottom of the 8th over - 0 runs, 0 hits, 0 errors, 0 left on base; Hillsboro 6 - Los Angeles (NYP) 6
TOP OF THE 9TH
Hillsboro Hops batting - Pitching for Los Angeles (NYP) Dodgers : LHP Melvin Fonseca
Batting: RHB Jeremy Adams 0-0: Called Strike
0-1: Ball
1-1: SINGLE (Popup, 6D, EV 47.5 MPH)
Batting: RHB Trevor Corey 0-0: Called Strike
0-1: Ball
1-1: Bunt missed!
1-2: Ball
2-2: Strikes out swinging
Batting: RHB Yasuo Nakata 0-0: Foul Ball, location: 2F
0-1: DOUBLE (Line Drive, 3D, EV 106.9 MPH)
Jeremy Adams to third
Batting: RHB Edgar Garcia 0-0: Intentional Walk
Batting: LHB Soo-yeon Kym 0-0: Ball
1-0: Foul Ball, location: 2F
1-1: Foul Ball, location: 2F
1-2: Strikes out swinging
Batting: RHB Larry Hardman 0-0: Ground out 4-3 (Groundball, 4, EV 110.0 MPH)
Top of the 9th over - 0 runs, 2 hits, 0 errors, 3 left on base; Hillsboro 6 - Los Angeles (NYP) 6
BOTTOM OF THE 9TH
Los Angeles (NYP) Dodgers batting - Pitching for Hillsboro Hops : RHP Manuel Maldonado
Pitching: LHP Jon Davis
Batting: LHB Bobby Gambrell 0-0: Ball
1-0: Ball
2-0: Ground out 5-3 (Groundball, 56, EV 78.1 MPH)
Pinch Hitting: RHB Jonathan Kirsch 0-0: Ball
1-0: Ball
2-0: Fly out, F5 (Line Drive, 5, EV 67.5 MPH)
Batting: RHB Jonathan Quijada 0-0: Ball
1-0: Foul Ball, location: 2F
1-1: Swinging Strike
1-2: Ground out 6-3 (Groundball, P, EV 85.0 MPH)
Bottom of the 9th over - 0 runs, 0 hits, 0 errors, 0 left on base; Hillsboro 6 - Los Angeles (NYP) 6
TOP OF THE 10TH
Hillsboro Hops batting - Pitching for Los Angeles (NYP) Dodgers : LHP Melvin Fonseca
Now in RF: Jonathan Kirsch
Batting: RHB Jeremy Coffey 0-0: Ball
1-0: SINGLE (Line Drive, 8LS, EV 101.2 MPH)
Batting: RHB Chris Bittner 0-0: Called Strike
0-1: SINGLE (Groundball, 6MD, EV 99.4 MPH)
Jeremy Coffey to second
Batting: RHB Brandon Joshua 0-0: Bunted foul
0-1: Bunted foul
0-2: Ball
1-2: Strikes out swinging
Batting: RHB Jeremy Adams 0-0: Foul Ball, location: 2F
0-1: Called Strike
0-2: Foul Ball, location: 2F
0-2: Foul Ball, location: 2F
0-2: Ball
1-2: Foul Ball, location: 2F
1-2: Fly out, F3 (Popup, 34, EV 75.0 MPH)
Pitching: LHP Gavin White
Batting: RHB Trevor Corey 0-0: Ball
1-0: Called Strike
1-1: Fly out, F4 (Popup, 34S, EV 83.1 MPH)
Top of the 10th over - 0 runs, 2 hits, 0 errors, 2 left on base; Hillsboro 6 - Los Angeles (NYP) 6
BOTTOM OF THE 10TH
Los Angeles (NYP) Dodgers batting - Pitching for Hillsboro Hops : LHP Jon Davis
Batting: RHB Pat Mage 0-0: Called Strike
0-1: Ball
1-1: SINGLE (Groundball, 4MD, EV 96.2 MPH)
Batting: RHB Mario Mejia 0-0: Ball
Pat Mage steals 2nd base
1-0: Intentional Walk
Batting: RHB Leo Cuellar 0-0: Ball
1-0: Sac Bunt to 13S - play at first, batter OUT! 1-4
Pat Mage to third
Mario Mejia to second
Batting: LHB Kippy McGrath 0-0: Called Strike
0-1: Fly out, F8 (Flyball, 89S, EV 85.6 MPH)
Runner from 3rd tags up, SCORES, throw by CF
Bottom of the 10th over - 1 run, 1 hit, 0 errors, 0 left on base; Hillsboro 6 - Los Angeles (NYP) 7
Game Over ... Los Angeles (NYP) defeats Hillsboro, 7 to 6
Thursday, March 31st , 2022 - OOTP Baseball 22.12 Build 89